 Dungeon Crawl Stone Soup version 0.30.0 (webtiles) character file.

Game seed: 7393823187361987724

2601 SnakkuSnakku7 the Basher (level 9, -1/79 HPs)
             Began as a White Draconian Cinder Acolyte on May 6, 2023.
             Was a High Priest of Ignis.
             Slain by a hornet (12 damage)
             ... on level 8 of the Dungeon.
             The game lasted 00:10:22 (8077 turns).

SnakkuSnakku7 the Basher (DrCA)                     Turns: 8077, Time: 00:10:22

Health: -1/79      AC: 10    Str: 18    XL:     9   Next: 33%
Magic:  1/1        EV: 11    Int: 14    God:    Ignis [*****.]
Gold:   423        SH:  0    Dex:  8    Spells: 10/10 levels left

rFire   + . .        a - +3 great mace
rCold   + . .        (shield currently unavailable)
rNeg    + . .        (body armour unavailable)
rPois   .            (helmet restricted)
rElec   .            (no cloak)
rCorr   +            y - +2 pair of gloves of Meeruol {rCorr MP-9 Int-2 Slay+6}
SInv    .            (no boots)
Will    .....        (no amulet)
Stlth   +            i - ring of positive energy
HPRegen 0.33/turn    (no ring)
MPRegen 0.07/turn

%: no passive effects
@: short of breath, slowed, very slow
A: breathe frost, AC +7, unfitting armour, cold resistance 1, cold-blooded
a: Breathe Frost, Renounce Religion, Fiery Armour, Foxfire Swarm


You were on level 8 of the Dungeon.
You worshipped Ignis.
Ignis was extremely pleased with you.
You visited 1 branch of the dungeon, and saw 8 of its levels.
You also visited: Sewer.

You collected 423 gold pieces.

Inventory:

Hand Weapons
 a - a +3 great mace (weapon)
 b - a +1 dagger of venom
 r - a -1 falchion of flaming
Missiles
 c - 15 poisoned darts (quivered)
 x - a curare-tipped dart
Armour
 l - a +2 pair of gloves
 y - the +2 pair of gloves of Meeruol (worn) {rCorr MP-9 Int-2 Slay+6}
   (You found it on level 7 of the Dungeon)

   Int:       It affects your intelligence (-2).
   Slay:      It affects your accuracy & damage with ranged weapons and melee
   (+6).
   MP:        It affects your magic capacity (-9).
   rCorr:     It protects you from acid and corrosion.
 A - a +0 cloak
Jewellery
 i - a ring of positive energy (left hand)
 w - an amulet of guardian spirit
Wands
 s - a wand of flame (11)
Scrolls
 e - 4 scrolls of teleportation
 g - 4 scrolls of vulnerability
 h - 2 scrolls of fog
 j - 2 scrolls of immolation
 k - a scroll of torment {unknown}
 n - a scroll of summoning
 o - a scroll of brand weapon {unknown}
 p - a scroll of blinking
 t - a scroll of identify
 u - a scroll of magic mapping {unknown}
 v - a scroll of fear
Potions
 d - a potion of flight {unknown}
 f - a potion of heal wounds
 m - a potion of might
 q - 3 potions of resistance {unknown}
 z - a potion of mutation {unknown}


   Skills:
 - Level 7.0 Fighting
 - Level 4.6 Long Blades
 + Level 10.8 Maces & Flails
 - Level 1.0 Spellcasting
 - Level 2.4 Fire Magic


You had 10 spell levels left.
You didn't know any spells.
Your spell library contained the following spells:

 Spells                   Type           Power      Damage    Failure   Level
 Scorch                   Fire           14%        2d6       16%         2
 Beastly Appendage        Tmut           0%         N/A       26%         1
 Blink                    Tloc           0%         N/A       36%         2
 Lesser Beckoning         Tloc           0%         N/A       36%         2
 Momentum Strike          Conj/Tloc      0%         3d8       36%         2
 Wereblood                Tmut           0%         N/A       36%         2
 Ozocubu's Armour         Ice            0%         N/A       61%         3
 Spider Form              Tmut/Pois      0%         N/A       61%         3
 Metabolic Englaciation   Hex/Ice        0%         N/A       100%        5
 Simulacrum               Ice/Necr       0%         N/A       100%        6


Dungeon Overview and Level Annotations

Branches:
Dungeon (8/15)             Temple (0/1) D:6           Sewer (visited)
   Lair: D:8-11

Altars:
Dithmenos
Fedhas
Hepliaklqana
Okawaru
Qazlal
Ru
Trog
Zin


Innate Abilities, Weirdness & Mutations

You can breathe waves of freezing cold which knock back foes.
Your icy white scales are hard. (AC +7)
You cannot fit into any form of body armour.
Your flesh is cold resistant. (rC+)
You are cold-blooded and may be slowed by cold attacks.


Message History

The hornet barely misses you. The hornet stings you.
You feel as though you will be slow longer.
You closely miss the hornet.
Your tail-slap misses the hornet.
The hornet is lightly wounded.
You feel sick. The hornet misses you.
The hornet stings you but does no damage.
The hornet barely misses you.
You hit the hornet but do no damage. You tail-slap the hornet.
The hornet is moderately wounded.
You feel yourself speed up.
You feel sick. The hornet stings you!
You feel yourself slow down.
The hornet stings you but does no damage.
The hornet stings you!
You feel as though you will be slow longer.
Aiming: Breathe Frost (4% risk of failure)
Press: ? - help, Shift-Dir - straight line, f - hornet
Aim: a hornet (moderately wounded, 52% to hit)
You exhale a wave of freezing cold.
The freezing breath hits the hornet.
The hornet is moderately wounded.
The hornet is knocked back by the freezing wind.
The hornet slams into the rock wall!
The freezing breath misses the hornet.
You feel sick.
You are no longer poisoned.
Unknown command.
You hit the hornet.
The hornet is moderately wounded.
The hornet stings you!
You feel as though you will be slow longer.
The hornet closely misses you.
The hornet stings you but does no damage.
You hit the hornet.
The hornet is heavily wounded.
The hornet stings you!
* * * LOW HITPOINT WARNING * * *
You feel as though you will be slow longer.
The hornet stings you.
* * * LOW HITPOINT WARNING * * *
You feel as though you will be slow longer.
The hornet stings you!
You die...

### ## #.#.## ....
.. ...>.
.....##.#..#.##.
................
........#..#....
................
#.............$.
#.....@.......
#.#....y......
#.#........... #
#.....#+#####. ..
###.....# ..#
##.'.....#
...#####..#.....#
.........##.....#
..........#........


You could see a hornet.

Vanquished Creatures
  Sigmund (D:2)
  Menkaure (D:6)
  A steam dragon (D:6)
  Edmund (D:5)
  A water moccasin (Sewer)
  A sky beast (D:6)
  An ice beast (D:8)
  A black bear (D:6)
  4 lemures
  4 centaurs
  Blork the orc (D:4)
  2 kobold brigands
  A gnoll sergeant (D:5)
  2 bullfrogs
  2 scorpions
  A howler monkey (D:6)
  A jelly (D:6)
  2 hounds
  A gnoll bouda (D:6)
  3 orc priests
  4 iguanas
  A sleepcap (D:8)
  Terence (D:3)
  3 orc wizards
  Robin (D:3)
  15 gnolls
  6 adders
  2 ufetubi (D:4)
  4 worms
  3 dart slugs
  15 orcs
  10 endoplasms
  A giant cockroach (D:4)
  18 goblins
  8 hobgoblins
  A jackal (Sewer)
  19 kobolds
  5 quokkas
  12 ball pythons
  6 bats
  2 frilled lizards
  13 rats
  A spectral goblin (D:5)
183 creatures vanquished.

Vanquished Creatures (others)
  12 foxfires (Sewer)
  4 plants (D:1)
16 creatures vanquished.

Grand Total: 199 creatures vanquished

Notes
Turn   | Place    | Note
-------+----------+-------------------------------------------
     0 | D:1      | SnakkuSnakku7 the Draconian Cinder Acolyte began the quest
                  | for the Orb.
     0 | D:1      | Reached XP level 1. HP: 19/19 MP: 2/2
   324 | D:1      | Reached XP level 2. HP: 26/26 MP: 3/3
   646 | D:1      | Reached XP level 3. HP: 32/33 MP: 4/4
  1075 | D:2      | Found a shadowy altar of Dithmenos.
  1079 | D:2      | Noticed Sigmund
  1079 | D:2      | Noticed Terence
  1254 | D:3      | Found a glowing drain.
  1284 | Sewer    | Entered a sewer
  1334 | Sewer    | Noticed a water moccasin
  1337 | Sewer    | Killed a water moccasin
  1338 | Sewer    | Reached skill level 5 in Fighting
  1338 | Sewer    | Reached XP level 4. HP: 29/42 MP: 5/5
  1338 | Sewer    | Reached XP level 5. HP: 34/48 MP: 6/6
  1605 | D:3      | Found a faded altar of an unknown god.
  1607 | D:3      | Noticed Robin
  1645 | D:3      | Killed Robin
  1821 | D:3      | Reached skill level 1 in Maces & Flails
  1934 | D:3      | Killed Terence
  2053 | D:2      | Killed Sigmund
  2054 | D:2      | Reached skill level 2 in Maces & Flails
  2054 | D:2      | Reached XP level 6. HP: 43/57 MP: 7/7
  2302 | D:2      | Reached skill level 3 in Maces & Flails
  2572 | D:4      | Found a shadowy altar of Dithmenos.
  2616 | D:4      | Noticed Blork the orc
  2625 | D:4      | Killed Blork the orc
  2626 | D:4      | Your scales start taking on an icy white colour.
  2626 | D:4      | Reached XP level 7. HP: 41/64 MP: 8/8
  2626 | D:4      | Gained mutation: Your flesh is cold resistant. (rC+) [White
                  | Draconian growth]
  3020 | D:4      | Found a stormy altar of Qazlal.
  3021 | D:4      | Noticed an air elemental
  3022 | D:4      | Noticed a water elemental
  3022 | D:4      | Noticed a fire elemental
  3819 | D:5      | Entered Level 5 of the Dungeon
  3821 | D:5      | Noticed Pikel
  3837 | D:4      | Reached skill level 4 in Maces & Flails
  3918 | D:3      | HP: 2/66 [Pikel/+1 whip of freezing (2)]
  4581 | D:5      | Found a glowing silver altar of Zin.
  4594 | D:5      | Reached skill level 5 in Maces & Flails
  4611 | D:5      | Noticed Edmund
  4624 | D:5      | Killed Edmund
  4772 | D:5      | Found a hazy altar of Hepliaklqana.
  4858 | D:5      | Reached skill level 6 in Maces & Flails
  4863 | D:5      | Reached XP level 8. HP: 37/73 MP: 9/9
  5482 | D:6      | Noticed a moth of wrath
  5485 | D:6      | Found a bloodstained altar of Trog.
  5577 | D:6      | Reached skill level 7 in Maces & Flails
  5664 | D:6      | Reached skill level 8 in Maces & Flails
  5774 | D:6      | Found a blossoming altar of Fedhas.
  5807 | D:6      | Found a sacrificial altar of Ru.
  5835 | D:6      | Noticed Menkaure
  5840 | D:6      | Killed Menkaure
  6247 | D:6      | Found a staircase to the Ecumenical Temple.
  6262 | D:6      | Reached skill level 9 in Maces & Flails
  6700 | D:6      | Reached XP level 9. HP: 17/79 MP: 10/10
  7044 | D:7      | Reached skill level 10 in Maces & Flails
  7082 | D:7      | Found an iron altar of Okawaru.
  7391 | D:7      | Identified the +2 pair of gloves of Meeruol {rCorr MP-9
                  | Int-2 Slay+6}
  8077 | D:8      | Slain by a hornet

Illustrated notes

Levels and vault maps discovered:
D:1:      ebering_hopf_link, layout_basic, st_stairs_2, serial_bayou_lake_a
D:2:      layout_rooms, basic_altar, supply_closet_lemuel, uniq_sigmund,
          uniq_terence
D:3:      layout_rooms, chequers_ecumenical_altar_island, portal_sewer_entry_c,
          uniq_robin
D:4:      layout_gridville, nicolae_qazlal_style_of_elements,
          mainiacjoe_overflow_six_doors_small, uniq_blork_the_orc
D:5:      layout_cave_pools, mainiacjoe_overflow_alcove_1,
          nicolae_hepliaklqana_monster_ancestors, uniq_pikel, uniq_edmund
D:6:      layout_cave_pools, fedhas_altar_3, mainiacjoe_overflow_paths,
          tgw_trog, minmay_temple_entry_nine_rooms, uniq_menkaure
D:7:      layout_cave_pods, mainiacjoe_overflow_concentric_impassable,
          serial_rivers, chequers_serial_rivers_small_a,
          chequers_serial_rivers_micro_b, chequers_serial_rivers_small_3,
          chequers_serial_rivers_large_a, chequers_serial_rivers_small_3,
          chequers_serial_rivers_small_3, minmay_tree_intersection
D:8:      layout_basic, lemuel_zombie_altar_kikubaaqudgha

Skill      XL: |  1  2  3  4  5  6  7  8  9 |
---------------+----------------------------+-----
Fighting       | 4 5 6 7 |  7.0
Long Blades    | 4 |  4.6
Maces & Flails | 2 3 6 9 10 | 10.8
Fire Magic     | 2 |  2.4
Spellcasting   | |  1.0

Action                     |  1- 3 |  4- 6 |  7- 9 || total
---------------------------+-------+-------+-------++-------
  Melee: Falchion          |    16 |       |       ||    16
         Dagger            |   113 |   139 |       ||   252
         Tailslap          |     9 |    26 |    35 ||    70
         Punch             |     1 |       |       ||     1
         Great mace        |       |     8 |   349 ||   357
  Throw: Dart              |       |       |     5 ||     5
 Invoke: Foxfire Swarm     |     1 |       |       ||     1
         Rising Flame      |       |       |     1 ||     1
Ability: Breathe Frost     |       |       |     3 ||     3
  Evoke: Wand              |       |       |     2 ||     2
    Use: Scroll            |     1 |     9 |     6 ||    16
         Potion            |       |       |     5 ||     5
 Armour: Skin              |    37 |    55 |   227 ||   319
  Dodge: Dodged            |    86 |    74 |   291 ||   451
